 Dungeon Crawl Stone Soup version 0.30-a0-777-ga9a30cbeda (webtiles) character file.

Game seed: 14596214411258858204

83 sircluck the Sneak (level 4, -1/23 HPs)
             Began as a Spriggan Brigand on Feb 13, 2023.
             Slain by a gnoll
             ... wielding a +0 flail
              (8 damage)
             ... on level 3 of the Dungeon.
             The game lasted 00:03:17 (1603 turns).

sircluck the Sneak (Spriggan Brigand)               Turns: 1603, Time: 00:03:18

Health: -1/23      AC:  3    Str:  7    XL:     4   Next: 22%
Magic:  5/5        EV: 16    Int: 12    God:
Gold:   176        SH:  0    Dex: 18    Spells: 3/3 levels left

rFire   . . .      SeeInvis +    a - +2 dagger
rCold   . . .      Faith    .    (no shield)
rNeg    . . .      Spirit   .    b - +0 robe
rPois   .          Reflect  .    (helmet restricted)
rElec   .          Harm     .    c - +0 cloak
rCorr   .          Rampage  .    (gloves unavailable)
Will    .....                    (boots unavailable)
Stlth   ++++                     (no amulet)
HPRegen 0.23/turn                (no ring)
MPRegen 0.09/turn                (no ring)

@: about to teleport, very quick
A: very small, no large weapons, unfitting armour, see invisible, speed 3
a: no special abilities


You were on level 3 of the Dungeon.
You visited 1 branch of the dungeon, and saw 3 of its levels.

You collected 176 gold pieces.

Inventory:

Hand Weapons
 a - a +2 dagger (weapon)
Missiles
 d - 9 poisoned darts (quivered)
 e - 3 curare-tipped darts
Armour
 b - a +0 robe (worn)
 c - a +0 cloak (worn)
Scrolls
 g - 2 scrolls of poison {unknown}
 h - 3 scrolls of identify {unknown}
 l - a scroll of acquirement {unknown}
 n - a scroll of teleportation
 o - a scroll of amnesia {unknown}
 p - a scroll of butterflies {unknown}
Potions
 f - a potion of resistance {unknown}
 i - a potion of curing
 j - a potion of cancellation {unknown}
 k - a potion of ambrosia {unknown}
 m - a potion of flight {unknown}


   Skills:
 + Level 1.8 Fighting
 + Level 3.0 Short Blades
 + Level 2.0 Throwing
 + Level 1.6 Dodging
 + Level 7.9 Stealth


You had 3 spell levels left.
You didn't know any spells.
Your spell library was empty.

Dungeon Overview and Level Annotations

Branches:
Dungeon (3/15)

Altars:


Innate Abilities, Weirdness & Mutations

You are very small and have problems with some larger weapons.
You are too small for most types of armour.
You have supernaturally acute eyesight. (SInv)
You cover ground extremely quickly. (Speed+++)


Message History

The giant cockroach misses you. The giant cockroach closely misses you.
You hit the gnoll but do no damage.
The giant cockroach completely misses you.
You barely miss the giant cockroach.
The giant cockroach is almost dead.
The gnoll closely misses you. The giant cockroach closely misses you.
You closely miss the giant cockroach.
The giant cockroach is almost dead.
The giant cockroach misses you.
You hit the giant cockroach.
You kill the giant cockroach!
You hit the endoplasm but do no damage. The endoplasm closely misses you.
The gnoll closely misses you. The gnoll hits you with a +0 whip.
You completely miss the endoplasm. The endoplasm closely misses you.
The gnoll closely misses you. The gnoll hits you with a +0 whip.
You hit the endoplasm.
The endoplasm is moderately wounded.
You hit the endoplasm.
The endoplasm is almost dead.
The gnoll completely misses you. The endoplasm barely misses you.
The gnoll hits you with a +0 whip.
You hit the endoplasm.
You kill the endoplasm!
The gnoll misses you.
As you read the scroll labelled MUSODW XICUYMO, it crumbles to dust.
You feel strangely unstable.
It was a scroll of teleportation.
The gnoll barely misses you. x2
You hit the gnoll.
The gnoll is moderately wounded.
The gnoll hits you but does no damage. x2; The gnoll hits you with a +0 whip.
* * * LOW HITPOINT WARNING * * *
You hit the gnoll.
The gnoll is heavily wounded.
The gnoll barely misses you. The gnoll completely misses you.
The gnoll barely misses you.
You hit the gnoll.
The gnoll is severely wounded.
The gnoll misses you. The gnoll hits you with a +0 flail!
You die...

.....#..#..#.#
.### #..#... #
#S## ... ##.#
... #..# ##.##
##..# ###gg##
#.g@##
......###
...### ##


You could see 3 gnolls and an adder.

Vanquished Creatures
  Terence (D:3)
  2 adders (D:2)
  A worm (D:2)
  A dart slug (D:2)
  5 endoplasms
  2 giant cockroaches
  A hobgoblin (D:2)
  3 quokkas
  2 ball pythons
  4 bats
  5 frilled lizards
  A goblin (D:2)
  4 kobolds
  3 rats (D:2)
35 creatures vanquished.

Notes
Turn   | Place    | Note
-------+----------+-------------------------------------------
     0 | D:1      | sircluck the Spriggan Brigand began the quest for the Orb.
     0 | D:1      | Reached XP level 1. HP: 10/10 MP: 2/2
   114 | D:1      | Reached skill level 6 in Stealth
   756 | D:2      | Reached XP level 2. HP: 11/14 MP: 3/3
   906 | D:2      | Reached skill level 7 in Stealth
   906 | D:2      | Reached XP level 3. HP: 18/18 MP: 4/4
  1518 | D:3      | Noticed Terence
  1522 | D:3      | Killed Terence
  1523 | D:3      | Reached XP level 4. HP: 23/23 MP: 5/5
  1603 | D:3      | Slain by a gnoll

Illustrated notes

Levels and vault maps discovered:
D:1:      minmay_arrival_checkered_box, layout_loops_cross
D:2:      layout_loops_ring, bh_walls_and_bars
D:3:      minmay_evil_eye, layout_rooms, gammafunk_ghost_grave, uniq_terence

Skill      XL: |  1  2  3 |
---------------+----------+-----
Stealth        | 6 7 |  7.9
Short Blades   | 3 |  3.0
Fighting       | |  1.8
Throwing       | |  2.0
Dodging        | |  1.6

Action                     |  1- 3 |  4- 6 || total
---------------------------+-------+-------++-------
  Melee: Dagger            |    95 |    21 ||   116
         Punch             |     1 |     1 ||     2
    Use: Potion            |     1 |       ||     1
         Scroll            |       |     1 ||     1
   Stab: Sleeping          |    11 |       ||    11
 Armour: Robe              |    15 |     2 ||    17
  Dodge: Dodged            |    50 |    27 ||    77

Table legend: (Time is in decaauts)
 A = Elapsed time spent in this place.
 B = Non-inter-level travel time spent in this place.
 C = Inter-level travel time spent in this place.
 D = Time resting spent in this place.
 E = Time spent auto-exploring this place.
 F = Levels seen in this place.
 G = Mean time per level.
                   A        B        C        D        E       F      G
               +--------+--------+--------+--------+--------+-----+--------+
         Total |   1038 |    938 |    100 |      0 |    710 |   3 |  346.0 |
       Dungeon |   1038 |    938 |    100 |      0 |    710 |   3 |  346.0 |
               +--------+--------+--------+--------+--------+-----+--------+

Top non-repeatable levels by time:
     D:2: 594 daAuts
     D:1: 386 daAuts
     D:3: 57 daAuts
